BR
PALMYRA OVERLORDS @ ATLANTIC CITY WAR DOGS
08/16/2026
 
TOP OF THE 1ST
Palmyra Overlords batting - Pitching for Boise White Sox : LHP Jason Reece
Pitching: LHP Jason Reece
Batting: SHB José Rincón 0-0: Ball
1-0: Ball
2-0: Ground out 6-3 (Groundball, 6)
Batting: RHB Jaime Rodríguez 0-0: Called Strike
0-1: Foul Ball, location: 2F
0-2: Strikes out swinging
Batting: RHB Paco Franco 0-0: Ground out 6-3 (Groundball, 6)
Top of the 1st over - 0 run(s), 0 hit(s), 0 error(s), 0 left on base; Palmyra 0 - Boise 0
BOTTOM OF THE 1ST
Boise White Sox batting - Pitching for Palmyra Overlords : RHP Jesús Germán
Pitching: RHP Jesús Germán
Batting: SHB António Ramos 0-0: Ball
1-0: Fly out, F8 (Line Drive, 8RM)
Batting: RHB Robert Koremans 0-0: Ball
1-0: Called Strike
1-1: Foul Ball, location: 2F
1-2: Ground out 6-3 (Groundball, 6)
Batting: SHB Norberto Muńóz 0-0: Foul Ball, location: 2F
0-1: SINGLE (Flyball, 7S)
Batting: RHB Marcos Lińares 0-0: Called Strike
0-1: Swinging Strike
0-2: Strikes out swinging
Bottom of the 1st over - 0 run(s), 1 hit(s), 0 error(s), 1 left on base; Palmyra 0 - Boise 0
TOP OF THE 2ND
Palmyra Overlords batting - Pitching for Boise White Sox : LHP Jason Reece
Batting: RHB Lúcio Alfaro 0-0: Foul Ball, location: 2F
0-1: Called Strike
0-2: Fly out, F8 (Flyball, 8RXD)
Batting: RHB José Ortega 0-0: Ball
1-0: Ball
Single, Error in OF, E8, batter to second base
Batting: LHB Júlio Lorenzo 0-0: Ball
1-0: Ground out 5-3 (Groundball, 5S)
José Ortega to third
Batting: LHB Mauro López 0-0: Ball
1-0: Called Strike
1-1: Ball
2-1: Foul Ball, location: 2F
2-2: SINGLE (Groundball, 3D)
José Ortega scores
Batting: LHB Jeff West 0-0: Ball
Mauro López steals 2nd base
1-0: Called Strike
1-1: Foul Ball, location: 2F
1-2: Strikes out swinging
Top of the 2nd over - 1 run(s), 2 hit(s), 1 error(s), 1 left on base; Palmyra 1 - Boise 0
BOTTOM OF THE 2ND
Boise White Sox batting - Pitching for Palmyra Overlords : RHP Jesús Germán
Batting: RHB Clarence Harrison 0-0: Ball
1-0: Swinging Strike
1-1: Ball
2-1: Called Strike
2-2: Strikes out swinging
Batting: RHB Armando Vega 0-0: Ball
1-0: Foul Ball, location: 2F
1-1: Swinging Strike
1-2: Strikes out looking
Batting: RHB Pascal Bolzoni 0-0: Ball
1-0: Swinging Strike
1-1: Ball
2-1: Foul Ball, location: 2F
2-2: Fly out, F3 (Popup, 3F)
Bottom of the 2nd over - 0 run(s), 0 hit(s), 0 error(s), 0 left on base; Palmyra 1 - Boise 0
TOP OF THE 3RD
Palmyra Overlords batting - Pitching for Boise White Sox : LHP Jason Reece
Batting: LHB Dennis McConnell 0-0: Called Strike
0-1: Ball
1-1: Ball
2-1: Swinging Strike
2-2: Foul Ball, location: 2F
2-2: Foul Ball, location: 2F
2-2: Foul Ball, location: 2F
2-2: TRIPLE (Flyball, 8LM)
Batting: SHB José Rincón 0-0: Called Strike
0-1: Called Strike
0-2: Strikes out swinging
Batting: RHB Jaime Rodríguez 0-0: Foul Ball, location: 2F
0-1: Foul Ball, location: 2F
0-2: Ball
1-2: Foul Ball, location: 2F
1-2: Fly out, F5 (Line Drive, 5)
Batting: RHB Paco Franco 0-0: Called Strike
0-1: Swinging Strike
0-2: Ball
1-2: Ball
2-2: Ball
3-2: Foul Ball, location: 2F
3-2: Strikes out swinging
Top of the 3rd over - 0 run(s), 1 hit(s), 0 error(s), 1 left on base; Palmyra 1 - Boise 0
BOTTOM OF THE 3RD
Boise White Sox batting - Pitching for Palmyra Overlords : RHP Jesús Germán
Batting: RHB Don Miller 0-0: Swinging Strike
0-1: Called Strike
0-2: Foul Ball, location: 2F
0-2: Ball
1-2: Strikes out swinging
Batting: RHB Don Jackson 0-0: Called Strike
0-1: Ground out 1-3 (Groundball, 23)
Batting: SHB António Ramos 0-0: Called Strike
0-1: Ball
1-1: Foul Ball, location: 2F
1-2: Ball
2-2: Foul Ball, location: 2F
2-2: Ball
3-2: Foul Ball, location: 2F
3-2: Base on Balls
Batting: RHB Robert Koremans 0-0: Called Strike
0-1: Ball
António Ramos is caught stealing 2nd base
Bottom of the 3rd over - 0 run(s), 0 hit(s), 0 error(s), 0 left on base; Palmyra 1 - Boise 0
TOP OF THE 4TH
Palmyra Overlords batting - Pitching for Boise White Sox : LHP Jason Reece
Batting: RHB Lúcio Alfaro 0-0: Called Strike
0-1: Swinging Strike
0-2: Ball
1-2: Foul Ball, location: 2F
1-2: Foul Ball, location: 2F
1-2: Strikes out swinging
Batting: RHB José Ortega 0-0: Ball
1-0: Foul Ball, location: 2F
1-1: DOUBLE (Line Drive, 7LS)
Batting: LHB Júlio Lorenzo 0-0: Ball
1-0: Called Strike
1-1: Ball
2-1: Foul Ball, location: 2F
2-2: Ball
3-2: Foul Ball, location: 2F
3-2: Foul Ball, location: 2F
3-2: Fly out, F3 (Line Drive, 3S)
Batting: LHB Mauro López 0-0: Swinging Strike
0-1: Ball
1-1: Foul Ball, location: 2F
1-2: Strikes out swinging
Top of the 4th over - 0 run(s), 1 hit(s), 0 error(s), 1 left on base; Palmyra 1 - Boise 0
BOTTOM OF THE 4TH
Boise White Sox batting - Pitching for Palmyra Overlords : RHP Jesús Germán
Batting: RHB Robert Koremans 0-0: Called Strike
0-1: Ball
1-1: Called Strike
1-2: Fly out, F8 (Flyball, 8RM)
Batting: SHB Norberto Muńóz 0-0: Swinging Strike
0-1: Foul Ball, location: 2F
0-2: Ball
1-2: Ball
2-2: Ball
3-2: Foul Ball, location: 2F
3-2: SINGLE (Line Drive, 56D)
Batting: RHB Marcos Lińares 0-0: Called Strike
0-1: Ball
1-1: Ball
2-1: Ball
3-1: SINGLE (Groundball, 4MD)
Norberto Muńóz to second
Batting: RHB Clarence Harrison 0-0: Ball
1-0: Grounds into double play, U5-3 (Groundball, 5L)
Bottom of the 4th over - 0 run(s), 2 hit(s), 0 error(s), 1 left on base; Palmyra 1 - Boise 0
TOP OF THE 5TH
Palmyra Overlords batting - Pitching for Boise White Sox : LHP Jason Reece
Batting: LHB Jeff West 0-0: Foul Ball, location: 2F
0-1: Fly out, F7 (Flyball, 7M)
Batting: LHB Dennis McConnell 0-0: TRIPLE (Flyball, 89XD)
Batting: SHB José Rincón 0-0: Called Strike
0-1: Foul Ball, location: 2F
0-2: Ground out 6-3 (Groundball, 6)
Dennis McConnell scores
Batting: RHB Jaime Rodríguez 0-0: Foul Ball, location: 2F
0-1: Foul Ball, location: 2F
0-2: Ball
1-2: Ball
2-2: SOLO HOME RUN (Flyball, 7D), Distance : 378 ft
Batting: RHB Paco Franco 0-0: Swinging Strike
0-1: Called Strike
0-2: Strikes out swinging
Top of the 5th over - 2 run(s), 2 hit(s), 0 error(s), 0 left on base; Palmyra 3 - Boise 0
BOTTOM OF THE 5TH
Boise White Sox batting - Pitching for Palmyra Overlords : RHP Jesús Germán
Batting: RHB Armando Vega 0-0: Swinging Strike
0-1: Foul Ball, location: 2F
0-2: Foul Ball, location: 2F
0-2: Ball
1-2: Ball
2-2: Strikes out swinging
Batting: RHB Pascal Bolzoni 0-0: Swinging Strike
0-1: Fly out, F7 (Line Drive, 7LM)
Batting: RHB Don Miller 0-0: Ball
1-0: Ground out 6-3 (Groundball, 6)
Bottom of the 5th over - 0 run(s), 0 hit(s), 0 error(s), 0 left on base; Palmyra 3 - Boise 0
TOP OF THE 6TH
Palmyra Overlords batting - Pitching for Boise White Sox : LHP Jason Reece
Pitching: RHP Bernardo Herrera
Batting: RHB Lúcio Alfaro 0-0: Ball
1-0: Foul Ball, location: 2F
1-1: Ground out 2-3 (Groundball, 25)
Batting: RHB José Ortega 0-0: Foul Ball, location: 2F
0-1: Ball
1-1: Ball
2-1: Ball
3-1: Base on Balls
Batting: LHB Júlio Lorenzo 0-0: Ball
1-0: Called Strike
1-1: Swinging Strike
1-2: SINGLE (Line Drive, 3D)
José Ortega to second
Runner from 2nd tries for 3rd, OUT!
Júlio Lorenzo to second
Batting: LHB Mauro López 0-0: Called Strike
0-1: Foul Ball, location: 2F
0-2: Ball
1-2: Fly out, F6 (Popup, 6M)
Top of the 6th over - 0 run(s), 1 hit(s), 0 error(s), 1 left on base; Palmyra 3 - Boise 0
BOTTOM OF THE 6TH
Boise White Sox batting - Pitching for Palmyra Overlords : RHP Jesús Germán
Batting: RHB Don Jackson 0-0: Ground out 5-3 (Groundball, 5L)
Batting: SHB António Ramos 0-0: Swinging Strike
0-1: Foul Ball, location: 2F
0-2: Foul Ball, location: 2F
0-2: Strikes out swinging
Batting: RHB Robert Koremans 0-0: SINGLE (Line Drive, 8RS)
Batting: SHB Norberto Muńóz 0-0: Ball
1-0: Ball
2-0: Ball
3-0: Called Strike
3-1: Foul Ball, location: 2F
3-2: Ground out 4-3 (Groundball, 4)
Bottom of the 6th over - 0 run(s), 1 hit(s), 0 error(s), 1 left on base; Palmyra 3 - Boise 0
TOP OF THE 7TH
Palmyra Overlords batting - Pitching for Boise White Sox : RHP Bernardo Herrera
Batting: LHB Jeff West 0-0: Called Strike
0-1: Called Strike
0-2: Foul Ball, location: 2F
0-2: Foul Ball, location: 2F
0-2: Ball
1-2: Ball
2-2: Fly out, F7 (Flyball, 7M)
Batting: LHB Dennis McConnell 0-0: Called Strike
0-1: Ground out 4-3 (Groundball, 34)
Batting: SHB José Rincón 0-0: Ball
1-0: Foul Ball, location: 2F
1-1: Called Strike
1-2: SINGLE (Groundball, 34D)
Batting: RHB Jaime Rodríguez 0-0: Called Strike
0-1: Foul Ball, location: 2F
0-2: Strikes out looking
Top of the 7th over - 0 run(s), 1 hit(s), 0 error(s), 1 left on base; Palmyra 3 - Boise 0
BOTTOM OF THE 7TH
Boise White Sox batting - Pitching for Palmyra Overlords : RHP Jesús Germán
Pitching: RHP Paul Orr
Now in LF: Roberto Rodríguez
Batting: RHB Marcos Lińares 0-0: Ball
1-0: Ball
2-0: Called Strike
2-1: SINGLE (Groundball, 4MD) (infield hit)
Batting: RHB Clarence Harrison 0-0: Called Strike
0-1: Ball
1-1: SINGLE (Line Drive, 4M)
Marcos Lińares to second
Batting: RHB Armando Vega 0-0: Ball
1-0: Called Strike
1-1: Foul Ball, location: 2F
1-2: Foul Ball, location: 2F
1-2: Foul Ball, location: 2F
1-2: SINGLE (Line Drive, 4D)
Marcos Lińares to third
Clarence Harrison to second
Pinch Hitting: LHB Randy Wiggins 0-0: Ball
1-0: Fly out, F7 (Line Drive, 7S)
1-0: Lined into DP, 7-4 (Line Drive, 7S)
Batting: RHB Don Miller 0-0: Called Strike
0-1: Ball
1-1: Ground out 6-3 (Groundball, 6)
Bottom of the 7th over - 0 run(s), 3 hit(s), 0 error(s), 2 left on base; Palmyra 3 - Boise 0
TOP OF THE 8TH
Palmyra Overlords batting - Pitching for Boise White Sox : RHP Bernardo Herrera
Pitching: RHP Jim Rawnsley
Now in LF: Randy Wiggins
Batting: RHB Paco Franco 0-0: Ball
1-0: Foul Ball, location: 2F
1-1: Ball
2-1: Foul Ball, location: 2F
2-2: Ball
3-2: Strikes out swinging
Batting: RHB Lúcio Alfaro 0-0: Called Strike
0-1: Foul Ball, location: 2F
0-2: Ball
1-2: Fly out, F9 (Flyball, 9LM)
Batting: RHB José Ortega 0-0: Called Strike
0-1: Ball
1-1: Foul Ball, location: 2F
1-2: Ball
2-2: Ball
3-2: Base on Balls
Batting: LHB Júlio Lorenzo 0-0: Reached on error, E1 (Groundball, 15)
José Ortega to second
Batting: LHB Mauro López 0-0: Ball
1-0: Ball
2-0: Ground out 3-1 (Groundball, 34)
Top of the 8th over - 0 run(s), 0 hit(s), 1 error(s), 2 left on base; Palmyra 3 - Boise 0
BOTTOM OF THE 8TH
Boise White Sox batting - Pitching for Palmyra Overlords : RHP Paul Orr
Batting: RHB Don Jackson 0-0: Swinging Strike
0-1: Ball
1-1: Foul Ball, location: 2F
1-2: Ball
2-2: Fly out, F8 (Flyball, 8LS)
Batting: SHB António Ramos 0-0: Foul Ball, location: 2F
0-1: Ball
1-1: TRIPLE (Flyball, 89XD)
Batting: RHB Robert Koremans 0-0: Ball
1-0: Called Strike
1-1: Called Strike
1-2: Strikes out looking
Batting: SHB Norberto Muńóz 0-0: Foul Ball, location: 2F
0-1: Ball
1-1: Called Strike
1-2: Ball
2-2: SINGLE (Groundball, 34S)
António Ramos scores
Batting: RHB Marcos Lińares 0-0: Called Strike
0-1: Foul Ball, location: 2F
0-2: Ball
1-2: Fly out, F8 (Flyball, 8RS)
Bottom of the 8th over - 1 run(s), 2 hit(s), 0 error(s), 1 left on base; Palmyra 3 - Boise 1
TOP OF THE 9TH
Palmyra Overlords batting - Pitching for Boise White Sox : RHP Jim Rawnsley
Batting: LHB Roberto Rodríguez 0-0: Called Strike
0-1: Called Strike
0-2: Foul Ball, location: 2F
0-2: Ball
1-2: Foul Ball, location: 2F
1-2: Hit by Pitch
Batting: LHB Dennis McConnell 0-0: Ball
1-0: Sac Bunt - play at first, batter OUT! 5-4
Roberto Rodríguez to second
Batting: SHB José Rincón 0-0: Ball
1-0: Ball
Wild Pitch!
Roberto Rodríguez to third
2-0: Called Strike
2-1: Ball
3-1: Foul Ball, location: 2F
3-2: Base on Balls
Batting: RHB Jaime Rodríguez 0-0: Ball
1-0: Ball
2-0: Called Strike
2-1: Fielders Choice at 2nd, 6-4 (Groundball, 6M)
Roberto Rodríguez scores
Batting: RHB Paco Franco 0-0: Foul Ball, location: 2F
0-1: Ball
1-1: Ball
2-1: Swinging Strike
2-2: Ball
3-2: Foul Ball, location: 2F
3-2: Strikes out swinging
Top of the 9th over - 1 run(s), 0 hit(s), 0 error(s), 1 left on base; Palmyra 4 - Boise 1
BOTTOM OF THE 9TH
Boise White Sox batting - Pitching for Palmyra Overlords : RHP Paul Orr
Batting: RHB Clarence Harrison 0-0: Ball
1-0: Called Strike
1-1: Ground out 1-3 (Groundball, 13)
Batting: RHB Armando Vega 0-0: Ground out 5-3 (Groundball, 56S)
Batting: LHB Randy Wiggins 0-0: Swinging Strike
0-1: Ball
1-1: Ball
2-1: SINGLE (Flyball, 9M)
Batting: RHB Don Miller 0-0: Ball
1-0: Ground out 6-3 (Groundball, 56)
Bottom of the 9th over - 0 run(s), 1 hit(s), 0 error(s), 1 left on base; Palmyra 4 - Boise 1
Monday, December 5th, 2016 - OOTP Baseball 17.12 Build 75